 Dungeon Crawl Stone Soup version 0.28-a0-1389-gc726bef33b (webtiles) character file.

Game seed: 13352359299267207860

9 Grim the Poker (level 2, 10/26 HPs)
             Began as a Minotaur Berserker on Jan 3, 2022.
             Was a Follower of Trog.
             Quit the game on level 1 of the Dungeon.
             The game lasted 00:00:28 (176 turns).

Grim the Poker (Minotaur Berserker)                  Turns: 176, Time: 00:00:28

Health: 10/26      AC:  5    Str: 21    XL:     2   Next: 3%
Magic:  1/1        EV: 11    Int:  4    God:    Trog [*.....]
Gold:   0          SH:  0    Dex:  9    Spells: 1/1 levels left

rFire   . . .      SeeInvis .   a - +0 spear
rCold   . . .      Faith    .   (no shield)
rNeg    . . .      Spirit   .   c - +0 ring mail
rPois   .          Reflect  .   (helmet restricted)
rElec   .          Harm     .   (no cloak)
rCorr   .          Rampage  .   (no gloves)
Will    .....                   (no boots)
Stlth   ..........              (no amulet)
HPRegen 0.08/turn               (no ring)
MPRegen 0.07/turn               (no ring)

@: very slow
A: horns 2, retaliatory headbutt
a: Renounce Religion, Berserk


You were on level 1 of the Dungeon.
You worshipped Trog.
Trog was aware of your devotion.
You visited 1 branch of the dungeon, and saw 1 of its levels.

Inventory:

Hand Weapons
 a - a +0 spear (weapon)
Armour
 b - a +0 animal skin
 c - a +0 ring mail (worn)
Scrolls
 d - a scroll of magic mapping {unknown}


   Skills:
 - Level 3.6 Fighting
 + Level 4.4 Polearms
 - Level 2.4 Armour
 - Level 2.1 Dodging


You had one spell level left.
You didn't know any spells.
Your spell library was empty.

Dungeon Overview and Level Annotations

Branches:
Dungeon (1/15)

Altars:


Innate Abilities, Weirdness & Mutations

You have a pair of horns on your head.
You reflexively headbutt those who attack you in melee.


Message History

The frilled lizard barely misses you.
You hit the frilled lizard.
You kill the frilled lizard!
Trog accepts your kill.
You hit the giant cockroach but do no damage.
You headbutt the giant cockroach.
You kill the giant cockroach!
Trog accepts your kill.
You reach to attack!
You miss the goblin. You closely miss the goblin.
You hit the goblin but do no damage. The goblin hits you with a +0 club.
You closely miss the goblin. You headbutt the goblin.
You kill the goblin!
Trog accepts your kill.
You hear a splash.
Your unstable footing causes you to fumble your attack.
Your unstable footing causes you to fumble your attack.
The goblin hits you but does no damage.
Your unstable footing causes you to fumble your attack.
The goblin hits you with a +0 club.
You hit the goblin but do no damage. You headbutt the goblin.
The goblin is heavily wounded.
The goblin hits you with a +0 club.
* * * LOW HITPOINT WARNING * * *
Your unstable footing causes you to fumble your attack.
The goblin hits you with a +0 club.
* * * LOW HITPOINT WARNING * * *
You are too injured to fight recklessly!
You are too injured to fight recklessly!
You are too injured to fight recklessly!
Your unstable footing causes you to fumble your attack.
Your unstable footing causes you to fumble your attack.
The goblin completely misses you.
You hit the goblin.
You kill the goblin!
Trog accepts your kill.
You hear a splash.
You have reached level 2!
You aren't carrying any potions.
Are you sure you want to abandon this character and quit the game? (Confirm with "yes".)

....≈≈≈≈.......
#...≈.≈≈.......
##.≈≈.≈≈....[..
...≈≈≈≈≈.......
#..≈.≈.≈≈......
#....≈≈≈≈......
#####≈≈≈†≈......
###≈≈≈≈≈≈≈@)#
#≈≈≈≈≈≈≈≈≈≈.#
#≈≈≈≈≈≈≈..##
#≈≈≈≈≈.≈..#
#####≈....#####
##### ##....#...#
#.... ##.###.<.##
#....
#.#.#....##.##....
#.#.####.##.##....


There were no monsters in sight!

Vanquished Creatures
  A ball python (D:1)
  A giant cockroach (D:1)
  3 goblins (D:1)
  A hobgoblin (D:1)
  A frilled lizard (D:1)
7 creatures vanquished.

Notes
Turn   | Place    | Note
-------+----------+-------------------------------------------
     0 | D:1      | Grim the Minotaur Berserker began the quest for the Orb.
     0 | D:1      | Reached XP level 1. HP: 19/19 MP: 0/0
   131 | D:1      | Reached skill level 4 in Polearms
   176 | D:1      | Reached XP level 2. HP: 10/26 MP: 1/1
   176 | D:1      | Quit the game

Illustrated notes

Levels and vault maps discovered:
D:1:      amcnicky_arrival_single_pillar, layout_basic,
          chequers_serial_rivers_large_a

Skill      XL: |  1 |
---------------+----+-----
Polearms       | 4 |  4.4
Fighting       | |  3.6
Armour         | |  2.4
Dodging        | |  2.1

Action                   || total
-------------------------++-------
Melee: Spear             ||    18
       Headbutt          ||     3
Armor: Ring mail         ||     1
Dodge: Dodged            ||     2

Table legend: (Time is in decaauts)
 A = Elapsed time spent in this place.
 B = Non-inter-level travel time spent in this place.
 C = Inter-level travel time spent in this place.
 D = Time resting spent in this place.
 E = Time spent auto-exploring this place.
 F = Levels seen in this place.
 G = Mean time per level.
                   A        B        C        D        E       F      G
               +--------+--------+--------+--------+--------+-----+--------+
         Total |    177 |    177 |      0 |      0 |    128 |   1 |  177.0 |
       Dungeon |    177 |    177 |      0 |      0 |    128 |   1 |  177.0 |
               +--------+--------+--------+--------+--------+-----+--------+

Top non-repeatable levels by time:
     D:1: 177 daAuts
